 Dungeon Crawl Stone Soup version 0.29-a0-409-gd843f3a48c (webtiles) character file.

Game seed: 15483658573747841454

2251 holysushi the Skirmisher (level 9, -6/72 HPs)
             Began as a Mummy Monk on May 14, 2022.
             Was a Follower of Okawaru.
             Mangled by a +4 great sword of flaming (7 damage)
             ... created by the rancor of the Wu Jian Council
             ... on level 6 of the Dungeon.
             The game lasted 00:10:37 (6393 turns).

holysushi the Skirmisher (Mummy Monk)               Turns: 6393, Time: 00:10:38

Health: -6/72      AC:  1    Str: 14    XL:     9   Next: 15%
Magic:  9/9        EV: 15    Int: 10    God:    Okawaru [*.....]
Gold:   121        SH:  9    Dex: 18    Spells: 8/8 levels left

rFire   . . .      SeeInvis .   f - +8 demon trident "Rift" {distort, reach+}
rCold   + . .      Faith    .   y - +0 buckler
rNeg    + + +      Spirit   .   a - +0 robe
rPois   ∞          Reflect  +   (no helmet)
rElec   .          Harm     .   x - +0 cloak
rCorr   .          Rampage  .   j - +0 pair of gloves
Will    +....                   h - +0 pair of boots
Stlth   ++........              w - amulet of reflection
HPRegen 0.22/turn               s - +4 ring of protection
MPRegen 0.11/turn               r - ring of protection from fire

@: corroded
A: cold resistance 1, negative energy resistance 3, torment resistance 2, heat
vulnerability 1, in touch with death 1, no potions
a: Renounce Religion, Heroism


You were on level 6 of the Dungeon.
You worshipped Okawaru.
Okawaru was aware of your devotion.
You visited 1 branch of the dungeon, and saw 6 of its levels.
You also visited: Ossuary.

You collected 271 gold pieces.
You spent 150 gold pieces at shops.

Inventory:

Hand Weapons
 f - the +8 demon trident "Rift" (weapon) {distort, reach+}
   (You found it on level 2 of the Dungeon)

   It warps and distorts space around it, and may blink, banish, or inflict
   extra damage upon those it strikes.
   Unwielding it can cause banishment or high damage.
   It can reach especially far, and its reaching attacks ignore other creatures
   in the way.
Armour
 a - a +0 robe (worn)
 h - a +0 pair of boots (worn)
 j - a +0 pair of gloves (worn)
 x - a +0 cloak (worn)
 y - a +0 buckler (worn)
Jewellery
 i - a +6 ring of intelligence
 k - a ring of fire
 l - a +6 ring of intelligence
 r - a ring of protection from fire (right hand)
 s - a +4 ring of protection (left hand)
 w - an amulet of reflection (around neck)
Wands
 q - a wand of iceblast (8)
Scrolls
 b - 4 scrolls of identify {unknown}
 c - a scroll of summoning {unknown}
 d - a scroll of fog {unknown}
 e - a scroll of brand weapon {unknown}
 g - 2 scrolls of amnesia {unknown}
 m - 2 scrolls of teleportation
 n - a scroll of magic mapping {unknown}
 o - 2 scrolls of immolation {unknown}
 p - a scroll of fear {unknown}
 t - a scroll of poison {unknown}
 u - a scroll of enchant weapon {unknown}
 v - a scroll of noise {unknown}


   Skills:
 + Level 7.5 Fighting
 + Level 5.1 Polearms
 + Level 6.3 Dodging
 - Level 1.5 Stealth
 - Level 3.6 Unarmed Combat
 + Level 0.9 Invocations


You had 8 spell levels left.
You didn't know any spells.
Your spell library contained the following spells:

 Spells                   Type           Power      Damage    Failure   Level
 Gell's Gravitas          Tloc           0%         N/A       83%         3
 Lesser Beckoning         Tloc           0%         N/A       83%         3
 Portal Projectile        Hex/Tloc       0%         N/A       83%         3
 Teleport Other           Tloc           0%         N/A       83%         3
 Leda's Liquefaction      Hex/Erth       0%         N/A       99%         4
 Orb of Destruction       Conj           0%         9d5       100%        7
 Call Canine Familiar     Summ           Unusable   N/A       N/A         3
 Summon Guardian Golem    Hex/Summ       Unusable   N/A       N/A         3
 Spellforged Servitor     Conj/Summ      Unusable   N/A       N/A         7

Dungeon Overview and Level Annotations

Branches:
Dungeon (6/15)            Ossuary (visited)
 Temple: D:4-7

Altars:
Hepliaklqana
Okawaru
Wu Jian
Xom
Yredelemnul

Shops:
D:5 *

Annotations:
D:2 1 runed translucent door, 1 exclusion, Crazy Yiuf
D:3 exclusion: downstairs
D:5 1 runed translucent door, exclusion: downstairs, Duvessa; pigah's ghost, novice OpAE


Innate Abilities, Weirdness & Mutations

You are immune to poison.
Your flesh is cold resistant. (rC+)
You are immune to negative energy. (rN+++)
You are immune to unholy pain and torment.
You are vulnerable to heat. (rF-)
You are in touch with the powers of death.
You do not drink.


Message History

You start waiting.
Done waiting.
Items here: )) [ ÷.
You see here a +0 club.
Sifu Cai Fang says: Suffer, mortal!
The rancor of the Wu Jian Council corrodes you!
The divine experience confuses you!
You are confused. 5 dancing weapons come into view.
There is a +4 great sword of flaming.
There is a +2 dire flail of flaming.
There is a +0 vorpal broad axe.
There is a +1 vorpal rapier.
There is a +4 glaive of speed.
Press: ? - help, v - describe, . - travel
Here: a +2 dire flail of flaming (durably summoned)
The floor.
Unknown command.
You are too confused!
Unknown command.
You can't drink.
Unknown command.
You are too confused!
Unknown command.
You bump into the rock wall.
Unknown command.
You closely miss the +4 great sword of flaming.
Unknown command.
You closely miss the +4 great sword of flaming.
The +2 dire flail of flaming misses you.
The +4 great sword of flaming hits you!
The +4 great sword of flaming burns you.
The +4 glaive of speed hits you from afar!
Unknown command.
You're too confused to move!
The +2 dire flail of flaming barely misses you.
The +4 glaive of speed hits you from afar!!
* * * LOW HITPOINT WARNING * * *
Unknown command.
You bump into the rock wall.
You feel less confused. The +4 great sword of flaming hits you!
* * * LOW HITPOINT WARNING * * *
The +4 great sword of flaming burns you!
You die...

#
##.########.#.#
#.#......#)#)#
#.#.##.#.#.#.#
#.#.##.#.#.#.#
#.#....)...#.#
#.######.###.#
#..........#.#
############(#
.....((@((#
###########


You could see 5 dancing weapons.

Vanquished Creatures
  Prince Ribbit (D:5)
  2 water moccasins (D:6)
  2 black bears
  A sky beast (D:6)
  A centaur (D:5)
  2 phantoms
  A bullfrog (D:5)
  2 water moccasin zombies (Ossuary)
  A necrophage (D:6)
  3 scorpions
  Dowan (D:5)
  A gnoll shaman (D:5)
  4 hounds
  2 orc priests
  A jelly (D:4)
  2 orc wizards
  2 iguanas (D:5)
  2 mummies (Ossuary)
  2 gnolls (D:5)
  14 adders
  An ufetubus (D:5)
  2 adder zombies (Ossuary)
  A worm (D:2)
  A dart slug (D:5)
  17 orcs
  4 ball pythons
  4 bats
  6 endoplasms
  7 giant cockroaches
  5 gnoll zombies (Ossuary)
  9 goblins
  12 hobgoblins
  4 jackals (D:1)
  12 kobolds
  8 hobgoblin zombies (Ossuary)
  A jackal zombie (D:5)
  4 kobold zombies (Ossuary)
  3 orc zombies (Ossuary)
  9 rats
157 creatures vanquished.

Vanquished Creatures (others)
  A fungus (D:1)
  A plant (D:1)
  2 withered plants (D:5)
4 creatures vanquished.

Grand Total: 161 creatures vanquished

Notes
Turn   | Place    | Note
-------+----------+-------------------------------------------
     0 | D:1      | holysushi the Mummy Monk began the quest for the Orb.
     0 | D:1      | Reached XP level 1. HP: 18/18 MP: 1/1
   439 | D:1      | Reached XP level 2. HP: 8/24 MP: 2/2
  1177 | D:1      | Gained mutation: You are in touch with the powers of death.
                  | [Mummy growth]
  1177 | D:1      | Reached XP level 3. HP: 11/29 MP: 3/3
  1651 | D:1      | Found a faded altar of an unknown god.
  1669 | D:1      | Prayed at the altar of an unknown god.
  1669 | D:1      | Became a worshipper of the Wu Jian Council
  1669 | D:1      | Reached * piety under Wu Jian
  1669 | D:1      | Reached ** piety under Wu Jian
  1812 | D:2      | You fall into a shaft and drop 2 floors!
  1919 | D:2      | Found the +8 demon trident "Rift" {distort, reach+}
  2321 | D:2      | Reached *** piety under Wu Jian
  2322 | D:2      | Reached XP level 4. HP: 35/35 MP: 4/4
  2629 | D:2      | Found a runed translucent door.
  2630 | D:2      | Noticed Crazy Yiuf
  2961 | D:3      | Reached XP level 5. HP: 42/42 MP: 5/5
  3262 | D:3      | Reached skill level 1 in Polearms
  3302 | D:3      | Reached skill level 4 in Fighting
  3533 | D:4      | Reached XP level 6. HP: 42/49 MP: 6/6
  3626 | D:4      | Reached **** piety under Wu Jian
  3922 | D:5      | Entered Level 5 of the Dungeon
  3977 | D:5      | Reached skill level 5 in Fighting
  3977 | D:5      | Reached XP level 7. HP: 52/56 MP: 7/7
  4034 | D:5      | Found a sand-covered staircase.
  4042 | Ossuary  | Entered an ossuary
  4497 | D:5      | Reached XP level 8. HP: 54/64 MP: 8/8
  4500 | D:5      | Reached skill level 6 in Fighting
  4500 | D:5      | Reached skill level 5 in Dodging
  4630 | D:5      | Noticed Dowan
  4631 | D:5      | Noticed Duvessa
  4798 | D:5      | Killed Dowan
  4848 | D:5      | Reached ***** piety under Wu Jian
  4973 | D:5      | Found Qovilisa's CLEARANCE SALE!.
  4975 | D:5      | Noticed Prince Ribbit
  4981 | D:5      | Killed Prince Ribbit
  4985 | D:5      | Bought an amulet of reflection for 150 gold pieces
  5130 | D:5      | Found an iron altar of Okawaru.
  5147 | D:5      | Found a runed translucent door.
  5147 | D:5      | Noticed pigah's ghost (novice OpAE)
  5183 | D:5      | Found a shimmering altar of Xom.
  5184 | D:5      | Found a hazy altar of Hepliaklqana.
  5185 | D:5      | Noticed a spectral ugly thing
  5227 | D:5      | Fell from the grace of Wu Jian
  5227 | D:5      | Became a worshipper of Warmaster Okawaru
  5252 | D:5      | Found a basalt altar of Yredelemnul.
  5678 | D:6      | Reached skill level 7 in Fighting
  5780 | D:6      | Reached skill level 5 in Polearms
  5812 | D:6      | Reached * piety under Okawaru
  5813 | D:6      | Reached XP level 9. HP: 72/72 MP: 9/9
  5840 | D:6      | Noticed a two-headed ogre
  6393 | D:6      | HP: 1/72 [+4 great sword of flaming[the rancor of the Wu
                  | Jian Council] (14)]
  6393 | D:6      | Mangled by a +4 great sword of flaming

Illustrated notes

Levels and vault maps discovered:
D:1:      minmay_arrival_shoal_huts, layout_basic,
          shapermc_ecumenical_altar_mp_urbaneastern
D:2:      layout_loops_corners, minmay_pentomino_o2, uniq_crazy_yiuf_cottage
D:3:      layout_basic, chequers_decorated_corner, guppyfry_early_orc_mine
D:4:      layout_rooms, serial_glass, glass_columns_b, glass_columns_c
D:5:      minmay_evil_eye, layout_loops_ring, regret_index_temple_of_mockery,
          kennysheep_mini, okawaru_metal_pillars_3, gammafunk_ghost_grave,
          enter_ossuary_3, grunt_ministairs_7, minivault_26,
          hangedman_abyss_or_decor_stabs, nicolae_shop_clearance, uniq_duvessa,
          uniq_prince_ribbit1
D:6:      layout_basic, mainiacjoe_overflow_paths,
          minmay_temple_entry_proselytizer, minmay_between

Skill      XL: |  1  2  3  4  5  6  7  8 |
---------------+-------------------------+-----
Unarmed Combat | 3 |  3.6
Dodging        | 3 4 6 |  6.3
Polearms       | 1 2 3 5 |  5.1
Fighting       | 4 5 7 |  7.5
Stealth        | |  1.5
Invocations    | |  0.9

Action                   |  1- 3 |  4- 6 |  7- 9 || total
-------------------------+-------+-------+-------++-------
Melee: Unarmed           |   136 |       |       ||   136
       Punch             |     3 |     1 |       ||     4
       Demon trident     |    17 |    99 |   134 ||   250
Invok: Whirlwind         |     2 |     1 |       ||     3
       Lunge             |     1 |     1 |       ||     2
  Use: Scroll            |       |       |     1 ||     1
 Stab: Sleeping          |    11 |     6 |    10 ||    27
       Distracted        |       |     1 |     1 ||     2
Armor: Robe              |    29 |    19 |    24 ||    72
Dodge: Dodged            |    72 |    37 |    43 ||   152
Block: Other             |       |       |     5 ||     5

Table legend: (Time is in decaauts)
 A = Elapsed time spent in this place.
 B = Non-inter-level travel time spent in this place.
 C = Inter-level travel time spent in this place.
 D = Time resting spent in this place.
 E = Time spent auto-exploring this place.
 F = Levels seen in this place.
 G = Mean time per level.
                   A        B        C        D        E       F      G
               +--------+--------+--------+--------+--------+-----+--------+
         Total |   6436 |   6176 |    260 |   1687 |   2993 |   7 |  919.4 |
       Dungeon |   6259 |   5999 |    260 |   1687 |   2905 |   6 | 1043.2 |
       Ossuary |    177 |    177 |      0 |      0 |     88 |   1 |  177.0 |
               +--------+--------+--------+--------+--------+-----+--------+

Top non-repeatable levels by time:
     D:1: 1800 daAuts
     D:5: 1504 daAuts
     D:2: 1061 daAuts
     D:6: 690 daAuts
     D:4: 645 daAuts
     D:3: 557 daAuts
 Ossuary: 177 daAuts
